[Event "Titled Tuesday Blitz July 25 Early 2023"]
[White "Buscar, Michael"]
[Black "Lewicki, Miroslaw"]
[WhiteFideId "2603616"]
[BlackFideId "1113380"]
[WhiteElo "2325"]
[BlackElo "2629"]
[Result "0-1"]
[Round "1"]
[TimeControl "180+2"]
[Date "2023.07.25"]
[WhiteClock "0:00:13"]
[BlackClock "0:00:13"]
[Board "159"]

1. d4 Nf6 2. c4 e6 3. Nc3 d5 4. Nf3 Be7 5. g3 O-O 6. Bg2 Nc6 7. cxd5 exd5 8. O-O Bg4 9. Bg5 h6 10. Bf4 Ne4 11. Nb5 Rc8 12. Rc1 a6 13. Nc3 Nxc3 14. Rxc3 Bb4 15. Rc1 Qe7 16. Ne5 Nxe5 17. dxe5 c6 18. h3 Bh5 19. g4 Bg6 20. Bg3 f6 21. exf6 Qxf6 22. Qb3 Qe7 23. a3 Bd2 24. Bxd5+ Kh8 25. Rcd1 Bg5 26. Bf3 Bh4 27. Bd6 Qf7 28. Qxf7 Rxf7 29. Be5 Re8 30. Bc3 Kh7 31. Rd6 Ref8 32. Rfd1 Bc2 33. R1d2 Bb3 34. Be4+ Kg8 35. f3 Bg5 36. R2d3 Bc4 37. Kg2 Bxd3 38. Bxd3 Re7 39. Bc4+ Kh8 40. h4 Bf6 41. Bxf6 gxf6 42. Bd3 Kg7 43. Kg3 Rff7 44. Kf4 Rd7 45. Rxd7 Rxd7 46. b3 c5 47. Ke3 a5 48. a4 b6 49. Bc4 Rd4 50. Kf2 Kf8 51. e4 Ke7 52. Ke3 Rd1 53. Kf4 Rh1 54. Kg3 Kd6 55. h5 Ke5 56. Bd5 Rd1 57. f4+ Kd4 58. Kh4 Rh1+ 59. Kg3 Ke3 60. g5 fxg5 61. fxg5 Rg1+ 62. Kh2 Rxg5 63. Bf7 Kxe4 64. Kh3 Kd3 65. Kh4 Kc3 66. Be6 Rg1 67. Bd5 Rb1 68. Kg4 Rxb3 69. Bxb3 Kxb3 70. Kf5 c4 71. Kg6 c3 72. Kxh6 c2 73. Kg7 c1=Q 74. h6 Qxh6+ 75. Kxh6 Kxa4 0-1


[Site "https://www.chess.com"]

[Event "Titled Tuesday Blitz July 25 Early 2023"]
[White "Manelyuk, Daniil"]
[Black "BenchGM"]
[WhiteFideId "44173920"]
[WhiteElo "2627"]
[BlackElo "2324"]
[Result "1-0"]
[Round "1"]
[TimeControl "180+2"]
[Date "2023.07.25"]
[WhiteClock "0:02:02"]
[BlackClock "0:00:05"]
[Board "160"]

1. e4 c5 2. Nf3 d6 3. d4 cxd4 4. Nxd4 Nf6 5. Nc3 g6 6. f3 Bg7 7. Be3 Nc6 8. Qd2 O-O 9. O-O-O d5 10. exd5 Nxd5 11. Nxc6 bxc6 12. Bd4 e5 13. Bc5 Be6 14. Ne4 Re8 15. h4 h5 16. g4 Nf4 17. Qe1 Qc7 18. gxh5 Nxh5 19. Rg1 Bd5 20. c4 Be6 21. Qc3 Nf4 22. Bd6 Qb6 23. c5 Qb7 24. Bxe5 Nd5 25. Rxd5 Bxd5 26. Bxg7 Bxe4 27. fxe4 Qc7 28. Bh8 Qf4+ 29. Kb1 Qh6 30. Bf6 Rxe4 31. Bd3 Re3 32. Qc4 Kf8 33. Bg5 Rxd3 34. Bxh6+ 1-0


[Site "https://www.chess.com"]

[Event "Titled Tuesday Blitz July 25 Early 2023"]
[White "Prydun, Andriy"]
[Black "Martic, Ivan"]
[WhiteFideId "14145898"]
[BlackFideId "929301"]
[WhiteElo "2322"]
[BlackElo "2626"]
[Result "0-1"]
[Round "1"]
[TimeControl "180+2"]
[Date "2023.07.25"]
[WhiteClock "0:00:16"]
[BlackClock "0:01:13"]
[Board "161"]

1. e4 c5 2. Nf3 e6 3. c3 Nf6 4. e5 Nd5 5. Na3 d6 6. exd6 Bxd6 7. Nc4 Be7 8. a4 O-O 9. d3 Nc6 10. Be2 b6 11. O-O Bb7 12. Qc2 Rc8 13. Be3 Nxe3 14. fxe3 Qc7 15. Rf2 a6 16. d4 b5 17. axb5 axb5 18. Nce5 Nxe5 19. Nxe5 Bd6 20. Nf3 Qb6 21. Ng5 g6 22. Qd3 b4 23. Raf1 f5 24. Bf3 Ba6 25. c4 cxd4 26. b3 dxe3 27. Re2 Bc5 28. Nxe6 Rfd8 29. Nxd8 Rxd8 30. Bd5+ Kg7 31. g4 Qf6 32. gxf5 Qg5+ 33. Kh1 Bb7 34. fxg6 Rxd5 35. Rf7+ Kg8 36. gxh7+ Kxf7 37. cxd5 Bxd5+ 0-1


[Site "https://www.chess.com"]

[Event "Titled Tuesday Blitz July 25 Early 2023"]
[White "Agibileg, Uurtsaikh"]
[Black "Matko, Ognjen"]
[WhiteFideId "4901606"]
[BlackFideId "14509717"]
[WhiteElo "2623"]
[BlackElo "2317"]
[Result "0-1"]
[Round "1"]
[TimeControl "180+2"]
[Date "2023.07.25"]
[WhiteClock "0:00:07"]
[BlackClock "0:00:48"]
[Board "162"]

1. d4 Nf6 2. c4 g6 3. Nc3 Bg7 4. e4 O-O 5. Be2 d6 6. Nf3 c5 7. O-O cxd4 8. Nxd4 Nc6 9. Be3 Bd7 10. f3 Nxd4 11. Bxd4 Bc6 12. Qd2 Nd7 13. Bxg7 Kxg7 14. Kh1 a5 15. Rad1 Qb6 16. Nd5 Bxd5 17. exd5 a4 18. f4 Nf6 19. Bd3 Rfc8 20. Rde1 Rc7 21. f5 a3 22. b3 Qd4 23. Rf4 Qb2 24. Rf2 Qxd2 25. Rxd2 g5 26. Rde2 Kf8 27. h3 Re8 28. Kh2 Nd7 29. Kg3 Ne5 30. Rxe5 dxe5 31. Rxe5 Rd8 32. Kg4 h6 33. h4 gxh4 34. Kxh4 Kg7 35. Re3 Kf6 36. g4 Rg8 37. Be2 b5 38. b4 bxc4 39. Rxa3 c3 40. Ra6+ Ke5 41. Bd3 c2 42. Bxc2 Rxc2 43. d6 Kf4 44. Kh3 Rxg4 45. dxe7 Rg3+ 46. Kh4 Rh2# 0-1


[Site "https://www.chess.com"]

[Event "Titled Tuesday Blitz July 25 Early 2023"]
[White "Osinovsky, Stepan"]
[Black "Ganiev, Roman"]
[WhiteFideId "4157354"]
[BlackFideId "4131452"]
[WhiteElo "2317"]
[BlackElo "2623"]
[Result "0-1"]
[Round "1"]
[TimeControl "180+2"]
[Date "2023.07.25"]
[WhiteClock "0:00:01"]
[BlackClock "0:00:23"]
[Board "163"]

1. Nf3 Nf6 2. g3 b6 3. Bg2 Bb7 4. O-O e6 5. d3 d5 6. Nbd2 Be7 7. e4 O-O 8. e5 Nfd7 9. Re1 c5 10. h4 h6 11. Nf1 Nc6 12. Bf4 Qc7 13. c3 Rfc8 14. Qd2 Bf8 15. g4 b5 16. Ng3 b4 17. Nh5 bxc3 18. bxc3 Rab8 19. g5 g6 20. Nf6+ Nxf6 21. gxf6 Kh7 22. h5 g5 23. Kh2 d4 24. Nxg5+ hxg5 25. Be4+ Kh8 26. Rg1 dxc3 27. Qe3 Nd4 28. Rxg5 Bh6 29. Rg7 Bxg7 30. fxg7+ Kg8 0-1


[Site "https://www.chess.com"]

[Event "Titled Tuesday Blitz July 25 Early 2023"]
[White "Gold_Ocean"]
[Black "SicilianPanzer"]
[WhiteElo "2619"]
[BlackElo "2316"]
[Result "1-0"]
[Round "1"]
[TimeControl "180+2"]
[Date "2023.07.25"]
[WhiteClock "0:01:36"]
[BlackClock "0:00:02"]
[Board "164"]

1. e4 c5 2. c3 Nf6 3. e5 Nd5 4. d4 cxd4 5. Nf3 Nc6 6. cxd4 d6 7. Nc3 dxe5 8. dxe5 Nxc3 9. Qxd8+ Nxd8 10. bxc3 Bd7 11. Bd3 Bc6 12. h4 Bxf3 13. gxf3 Nc6 14. f4 e6 15. Be3 Be7 16. Ke2 f6 17. exf6 Bxf6 18. Rab1 b6 19. h5 Kf7 20. Rhc1 Ne7 21. c4 Nf5 22. c5 bxc5 23. Rxc5 Rhc8 24. Rb7+ Kf8 25. Rxa7 Nd4+ 26. Bxd4 Bxd4 27. Rxc8+ Rxc8 28. Rd7 Bf6 29. Bxh7 Rb8 30. Bc2 Rb2 31. Kd3 Rxa2 32. f3 Ra5 33. h6 gxh6 34. Ke4 Be7 35. Bb3 Kf7 36. Rd2 Rb5 37. Bc4 Rb4 38. Kd3 Bf6 39. Re2 Ra4 40. f5 Ra3+ 41. Ke4 Ke7 42. fxe6 Ra5 43. f4 Ra4 44. Kd3 Ra3+ 45. Ke4 Ra4 46. Rc2 Ra5 47. Rd2 Ra7 48. f5 Rc7 49. Bd5 Ra7 50. Bc6 Rc7 51. Kd5 Ra7 52. Rg2 Ra5+ 53. Ke4 Re5+ 54. Kf4 Rc5 55. Be4 Rc4 56. Rg8 Bg5+ 57. Kf3 Rc3+ 58. Kf2 Rc4 59. Bd3 Rd4 60. Ke2 Rd5 61. Rg7+ Kf8 62. Rf7+ Ke8 63. Be4 Re5 64. Kf3 Ra5 65. Bc6+ Kd8 66. Rd7+ Kc8 67. e7 Ra3+ 68. Kg4 Re3 69. Rd8+ Kc7 70. e8=Q Rxe8 71. Rxe8 Kxc6 72. Kh5 Kd7 73. Re2 Kd6 74. Kg6 Kd7 75. f6 1-0


[Site "https://www.chess.com"]

[Event "Titled Tuesday Blitz July 25 Early 2023"]
[White "Wimalasuriya, Kasun M."]
[Black "Khusenkhojaev, Muhammad"]
[WhiteFideId "9906789"]
[BlackFideId "14700247"]
[WhiteElo "2316"]
[BlackElo "2618"]
[Result "0-1"]
[Round "1"]
[TimeControl "180+2"]
[Date "2023.07.25"]
[WhiteClock "0:01:40"]
[BlackClock "0:01:49"]
[Board "165"]

1. d4 Nf6 2. c4 g6 3. Nf3 Bg7 4. g3 O-O 5. Bg2 d6 6. O-O c6 7. Nc3 Qa5 8. h3 Qa6 9. Qd3 d5 10. cxd5 Qxd3 11. exd3 Nxd5 12. Nxd5 cxd5 13. Be3 Nc6 14. a3 e6 15. Rac1 Bd7 16. Rc2 Rfc8 17. Rfc1 Na5 18. Ne5 Rxc2 19. Rxc2 Rc8 20. Rxc8+ Bxc8 21. Kf1 Nc6 22. Nxc6 bxc6 23. Ke2 a5 24. Kd2 Ba6 25. Bf3 a4 26. Bd1 Bb5 27. Bf3 Kf8 28. Kc2 h5 29. b3 axb3+ 30. Kxb3 Bxd3 31. Bd1 Ke7 32. a4 Kd7 33. Kc3 Ba6 34. Bb3 c5 35. Bc2 Kc6 36. Bd3 cxd4+ 37. Bxd4 Bxd4+ 38. Kxd4 e5+ 39. Ke3 d4+ 40. Ke4 Bxd3+ 41. Kxd3 Kd5 42. f3 f5 43. g4 e4+ 44. Ke2 Kc4 45. fxe4 fxe4 46. gxh5 gxh5 47. Kd2 Kb4 0-1


[Site "https://www.chess.com"]

[Event "Titled Tuesday Blitz July 25 Early 2023"]
[White "Lenaerts, Lennert"]
[Black "Tsyhanchuk, Stanislav"]
[WhiteFideId "211435"]
[BlackFideId "13505130"]
[WhiteElo "2615"]
[BlackElo "2309"]
[Result "1-0"]
[Round "1"]
[TimeControl "180+2"]
[Date "2023.07.25"]
[WhiteClock "0:01:02"]
[BlackClock "0:00:10"]
[Board "166"]

1. d4 Nf6 2. c4 e6 3. Nc3 Bb4 4. g3 O-O 5. Bg2 c5 6. Nf3 Ne4 7. Qd3 d5 8. O-O cxd4 9. Nxd4 Bxc3 10. bxc3 Nc5 11. Qe3 b6 12. cxd5 exd5 13. Rd1 Be6 14. Ba3 Qf6 15. Nxe6 fxe6 16. c4 Nbd7 17. cxd5 e5 18. Rac1 Qd6 19. Bh3 Nf6 20. Be6+ Kh8 21. Rxc5 bxc5 22. Bxc5 Qa6 23. Bxf8 Rxf8 24. Qxe5 h6 25. d6 Qb6 26. Qd4 Qc6 27. Qxa7 Ne4 28. f3 Nc3 29. Rd2 Nb1 30. Rd3 Qc1+ 31. Kg2 Qe1 32. Qf2 Qa5 33. e4 Na3 34. d7 Nb5 35. Qc5 Rd8 36. Kh3 Qa6 37. Bc4 Qa7 38. Qxb5 Qc7 39. Qd5 Kh7 40. Qg8+ Rxg8 41. Bxg8+ Kxg8 42. d8=Q+ Qxd8 43. Rxd8+ 1-0


[Site "https://www.chess.com"]

[Event "Titled Tuesday Blitz July 25 Early 2023"]
[White "UgarteCesar"]
[Black "Lamaze, Simon"]
[BlackFideId "36069264"]
[WhiteElo "2307"]
[BlackElo "2615"]
[Result "0-1"]
[Round "1"]
[TimeControl "180+2"]
[Date "2023.07.25"]
[WhiteClock "0:00:17"]
[BlackClock "0:00:25"]
[Board "167"]

1. c4 Nf6 2. g3 e6 3. Bg2 d5 4. b3 a5 5. a3 a4 6. Bb2 Nc6 7. cxd5 exd5 8. b4 Bd6 9. d3 O-O 10. Nf3 Bg4 11. Nbd2 Re8 12. O-O Ne5 13. h3 Bh5 14. Rc1 c6 15. Re1 Bg6 16. Qc2 h5 17. Nxe5 Bxe5 18. Bxe5 Rxe5 19. Nf3 Re7 20. b5 cxb5 21. Nd4 Qb6 22. Qb2 b4 23. Qxb4 Qxb4 24. axb4 a3 25. Ra1 a2 26. Red1 Rc7 27. Rd2 Ra4 28. Rb2 h4 29. Raxa2 Rc1+ 30. Kh2 hxg3+ 31. fxg3 Rxa2 32. Rxa2 Rb1 33. b5 Rb4 34. e3 Bxd3 35. Ra8+ Kh7 36. Rb8 Rb2 37. Kg1 Rb1+ 38. Kf2 Be4 39. Bxe4+ Nxe4+ 40. Kf3 Nc5 41. Rc8 Ne6 42. Nxe6 fxe6 43. Re8 Rxb5 44. Rxe6 Kg8 45. Rd6 Kf7 46. Kf4 Ke7 47. Rg6 Kf7 48. Rd6 Rb4+ 49. Ke5 Re4+ 50. Kxd5 Rxe3 51. Rd7+ Kf6 52. Rxb7 Rxg3 53. h4 Rg4 54. Rb6+ Kf5 55. Rb7 Rg1 56. Rf7+ Kg6 57. Rf4 Re1 58. Kd4 Kh5 59. Kd3 g6 60. Kd4 Rh1 61. Ke4 Rxh4 62. Rxh4+ Kxh4 63. Kf3 g5 64. Kf2 Kh3 65. Kg1 Kg3 66. Kf1 g4 67. Kg1 Kf3 68. Kf1 g3 69. Kg1 g2 70. Kh2 Kf2 71. Kh3 g1=Q 0-1


[Site "https://www.chess.com"]

[Event "Titled Tuesday Blitz July 25 Early 2023"]
[White "Arat, Ufuk Sezen"]
[Black "kiwibobo"]
[WhiteFideId "6309089"]
[WhiteElo "2614"]
[BlackElo "2305"]
[Result "1-0"]
[Round "1"]
[TimeControl "180+2"]
[Date "2023.07.25"]
[WhiteClock "0:00:12"]
[BlackClock "0:00:05"]
[Board "168"]

1. e4 e5 2. Nf3 Nc6 3. Bb5 a6 4. Ba4 Nf6 5. O-O b5 6. Bb3 Bc5 7. Re1 O-O 8. c3 d6 9. h3 h6 10. d4 Bb6 11. Be3 Bb7 12. Nbd2 exd4 13. cxd4 Nb4 14. Qb1 c5 15. dxc5 dxc5 16. e5 Nfd5 17. Bxd5 Nxd5 18. Ne4 Nxe3 19. Rxe3 c4 20. Re1 Qd5 21. Qc2 Qe6 22. Rad1 Rfd8 23. Rd6 Bxe4 24. Qxe4 Rxd6 25. Qxa8+ Rd8 26. Qb7 Rd3 27. Qa8+ Rd8 28. Qe4 Qd5 29. Qxd5 Rxd5 30. e6 fxe6 31. Rxe6 Rd1+ 32. Kh2 Bxf2 33. Rxa6 Rb1 34. b3 cxb3 35. Nd2 bxa2 36. Rxa2 Rb4 37. Nf3 Be3 38. h4 Bf4+ 39. Kh3 Rb1 40. h5 b4 41. Kg4 Bd6 42. Ra8+ Kf7 43. Kf5 b3 44. Ra7+ Ke8 45. Ke6 Bb8 46. Ra8 Kd8 47. Rxb8+ Kc7 48. Rb4 b2 49. Kf7 Rg1 50. Rxb2 Kc6 1-0


[Site "https://www.chess.com"]

[Event "Titled Tuesday Blitz July 25 Early 2023"]
[White "Schut, Han"]
[Black "NicolaiMaxime"]
[WhiteFideId "1005561"]
[WhiteElo "2303"]
[BlackElo "2607"]
[Result "0-1"]
[Round "1"]
[TimeControl "180+2"]
[Date "2023.07.25"]
[WhiteClock "0:00:02"]
[BlackClock "0:00:18"]
[Board "169"]

1. e4 c5 2. Nf3 Nc6 3. d4 cxd4 4. Nxd4 e5 5. Nb5 d6 6. N1c3 a6 7. Na3 Be7 8. Nd5 Nf6 9. Be3 O-O 10. Bb6 Qd7 11. f3 Nxd5 12. exd5 Nd4 13. c3 Nf5 14. Bd3 Bd8 15. Nc4 Ne7 16. Bc2 Qb5 17. Bxd8 Rxd8 18. Ne3 Qxb2 19. c4 Qc3+ 20. Kf2 b5 21. Rc1 Qd4 22. Qe2 bxc4 23. Rhd1 Qh4+ 24. Kg1 Bd7 25. g3 Qf6 26. Qxc4 Qxf3 27. Qd3 Qh5 28. Rf1 Bb5 29. Qe4 Bxf1 30. Rxf1 g6 31. g4 Qh6 32. Rf6 Qg5 33. Qf3 Rf8 34. Ng2 Qc1+ 0-1


[Site "https://www.chess.com"]

[Event "Titled Tuesday Blitz July 25 Early 2023"]
[White "Pinero Rodriguez, Carlos Jose"]
[Black "arturdailima"]
[WhiteFideId "3901726"]
[WhiteElo "2605"]
[BlackElo "2303"]
[Result "1-0"]
[Round "1"]
[TimeControl "180+2"]
[Date "2023.07.25"]
[WhiteClock "0:01:04"]
[BlackClock "0:00:13"]
[Board "170"]

1. b3 e5 2. Bb2 Nc6 3. e3 Nf6 4. c4 d5 5. cxd5 Nxd5 6. a3 Be7 7. Qc2 O-O 8. Nf3 f6 9. d3 Be6 10. Nbd2 Re8 11. Be2 Bf8 12. O-O Qd7 13. Rac1 Rad8 14. b4 a6 15. Rfd1 Kh8 16. Ne4 f5 17. Nc5 Bxc5 18. Qxc5 Bf7 19. Ng5 Bg6 20. Nf3 Bf7 21. g3 f4 22. e4 Nf6 23. Nxe5 Nxe5 24. Bxe5 fxg3 25. hxg3 c6 26. Bxf6 gxf6 27. Kg2 Bg6 28. Bf3 Kg7 29. Qe3 Qd4 30. Qxd4 Rxd4 31. Rc3 Red8 32. Be2 Bxe4+ 33. dxe4 Rxd1 34. Bxd1 Rxd1 35. Kf3 Kf7 36. Kf4 Ke6 37. f3 h5 38. Rc5 Rd3 39. Rxh5 Rxa3 40. Rh6 Rb3 41. g4 Kf7 42. Rh7+ Kg6 43. Rxb7 a5 44. Rb6 Rxb4 45. Rxc6 Kf7 46. Ra6 a4 47. g5 fxg5+ 48. Kxg5 Rb3 49. f4 a3 50. e5 Rg3+ 51. Kf5 Ke7 52. Ra7+ Kf8 53. Kf6 Ke8 54. e6 1-0


[Site "https://www.chess.com"]

[Event "Titled Tuesday Blitz July 25 Early 2023"]
[White "Attacker_2006"]
[Black "Cilek, Bora"]
[BlackFideId "34502165"]
[WhiteElo "2299"]
[BlackElo "2602"]
[Result "1-0"]
[Round "1"]
[TimeControl "180+2"]
[Date "2023.07.25"]
[WhiteClock "0:00:32"]
[BlackClock "0:00:27"]
[Board "171"]

1. e4 g6 2. d4 Bg7 3. Nc3 d6 4. f4 a6 5. Nf3 b5 6. Bd3 Nd7 7. e5 c5 8. Be4 Rb8 9. Be3 Nh6 10. O-O O-O 11. dxc5 dxe5 12. fxe5 Ng4 13. Bf4 Nxc5 14. e6 Qxd1 15. Raxd1 Rb6 16. exf7+ Kh8 17. Nd5 Re6 18. Bd3 Rxf7 19. Ng5 Bd4+ 20. Kh1 Nf2+ 21. Rxf2 Bxf2 22. Nxf7+ Kg7 23. Ng5 Rc6 24. Nxe7 Bg4 25. Rf1 Nxd3 26. cxd3 Rc2 27. Be5+ Kh6 28. Ne4 Be2 29. Ng8+ Kh5 30. g4+ Kxg4 31. Rxf2 Rc1+ 32. Kg2 Bxd3 33. Nef6+ Kh4 34. Rf4+ Kg5 35. Nxh7+ Kh5 36. Nhf6+ Kg5 37. h4# 1-0


[Site "https://www.chess.com"]

[Event "Titled Tuesday Blitz July 25 Early 2023"]
[White "Arabidze, Meri"]
[Black "EdmundPlayer"]
[WhiteFideId "13604040"]
[WhiteElo "2602"]
[BlackElo "2298"]
[Result "1-0"]
[Round "1"]
[TimeControl "180+2"]
[Date "2023.07.25"]
[WhiteClock "0:01:09"]
[BlackClock "0:00:04"]
[Board "172"]

1. d4 Nf6 2. Nf3 g6 3. g3 d5 4. Bg2 Bg7 5. O-O O-O 6. c4 c6 7. cxd5 cxd5 8. Nc3 Bf5 9. Ne5 Nc6 10. Bf4 Ne4 11. Rc1 Nxc3 12. Rxc3 Nxe5 13. Bxe5 Be4 14. Bxg7 Kxg7 15. Qb3 Qd7 16. Rfc1 b6 17. Rc7 Qe6 18. Bxe4 Qxe4 19. e3 Rfd8 20. Qa3 e5 21. Qe7 Rf8 22. dxe5 Rae8 23. Qf6+ Kg8 24. Rxa7 Rxe5 25. Qf4 Qxf4 26. gxf4 Re4 27. Rd7 d4 28. Rxd4 Rxd4 29. exd4 Rd8 30. Rd1 Kg7 31. d5 Kf6 32. Kg2 Kf5 33. Kf3 h5 34. a4 Rd6 35. b4 h4 36. h3 Kf6 37. a5 bxa5 38. bxa5 Ra6 39. Ra1 Ke7 40. Ke4 Kd6 41. Kd4 f6 42. Ra2 g5 43. fxg5 fxg5 44. f3 Ra7 45. a6 Kc7 46. Kc5 Kb8 47. d6 Rf7 48. a7+ Ka8 49. Kc6 Rxf3 50. Ra5 Rxh3 51. d7 Rc3+ 52. Kd6 Rd3+ 53. Rd5 Rxd5+ 54. Kxd5 Kxa7 55. d8=Q 1-0


[Site "https://www.chess.com"]

[Event "Titled Tuesday Blitz July 25 Early 2023"]
[White "Cooper, Aaron"]
[Black "Parpiev, Isaak"]
[WhiteFideId "2634945"]
[BlackFideId "34281576"]
[WhiteElo "2298"]
[BlackElo "2601"]
[Result "0-1"]
[Round "1"]
[TimeControl "180+2"]
[Date "2023.07.25"]
[WhiteClock "0:00:01"]
[BlackClock "0:00:04"]
[Board "173"]

1. b4 d5 2. Bb2 Nf6 3. e3 Bf5 4. c4 e6 5. a3 Nbd7 6. Nf3 c6 7. d4 Bd6 8. Nc3 O-O 9. Be2 h6 10. O-O Bc7 11. Rc1 Rc8 12. Qb3 Nb6 13. c5 Nbd7 14. a4 e5 15. Rfd1 e4 16. Nd2 Bg4 17. Nf1 Bxe2 18. Nxe2 h5 19. b5 Rb8 20. Bc3 h4 21. h3 Qe7 22. Qa2 Qe6 23. a5 cxb5 24. a6 bxa6 25. Ra1 b4 26. Be1 a5 27. Nd2 g5 28. Nb3 g4 29. hxg4 Qxg4 30. Nxa5 h3 31. Ng3 hxg2 32. Kxg2 Bxa5 33. Qxa5 Nh5 34. Qxa7 Ndf6 35. Ra6 Nxg3 36. fxg3 Qf3+ 37. Kg1 Qxd1 0-1


[Site "https://www.chess.com"]

[Event "Titled Tuesday Blitz July 25 Early 2023"]
[White "Gamayev, Oleg"]
[Black "Nayak Rajesh"]
[WhiteFideId "2802813"]
[BlackFideId "35017152"]
[WhiteElo "2600"]
[BlackElo "2298"]
[Result "1/2-1/2"]
[Round "1"]
[TimeControl "180+2"]
[Date "2023.07.25"]
[WhiteClock "0:02:07"]
[BlackClock "0:00:37"]
[Board "174"]

1. d3 Nf6 2. e4 d6 3. Nf3 e5 4. Be2 Be7 5. O-O O-O 6. c3 c6 7. Nbd2 Bg4 8. Ne1 Bxe2 9. Qxe2 Nbd7 10. Nc2 a5 11. Nf3 Nc5 12. h3 Ne6 13. Re1 b5 14. Ng5 Nxg5 15. Bxg5 Nd7 16. Be3 a4 17. Rad1 Re8 18. d4 Qc7 19. dxe5 Nxe5 20. Nd4 Nc4 21. Bc1 Bf6 22. Qc2 Bxd4 23. cxd4 d5 24. b3 axb3 25. axb3 Nb6 26. e5 Qd7 27. Be3 Ra6 28. Rc1 Nc8 29. Rf1 Ne7 30. Ra1 Rea8 31. Rxa6 Rxa6 32. Rc1 Qa7 33. Bg5 Ra2 34. Qc5 Qxc5 35. Rxc5 Nf5 36. Rxc6 h6 37. Be3 Rb2 38. Rc3 b4 39. Rd3 g5 40. g3 Kh7 41. Kg2 Kg6 42. Kf3 h5 43. g4 hxg4+ 44. hxg4 Ng7 45. Kg3 Ne6 46. f4 gxf4+ 47. Bxf4 Rg2+ 48. Kf3 Rb2 49. Be3 Rc2 50. Bd2 Rb2 51. Bxb4 Rxb3 52. Rxb3 Nxd4+ 53. Ke3 Nxb3 54. Bc3 Kg5 55. Kf3 d4 56. Bb4 d3 57. Ke3 d2 58. Bxd2 Nxd2 59. Kxd2 Kf4 60. Kd3 Kxe5 61. Ke3 f5 62. g5 f4+ 63. Kf3 Kf5 64. g6 Kxg6 65. Kxf4 1/2-1/2


[Site "https://www.chess.com"]

[Event "Titled Tuesday Blitz July 25 Early 2023"]
[White "Szente Varga, Fruzsina"]
[Black "Mamedov, Edgar"]
[WhiteFideId "712264"]
[BlackFideId "13739980"]
[WhiteElo "2298"]
[BlackElo "2597"]
[Result "1/2-1/2"]
[Round "1"]
[TimeControl "180+2"]
[Date "2023.07.25"]
[WhiteClock "0:00:05"]
[BlackClock "0:00:02"]
[Board "175"]

1. e4 c5 2. Nf3 Nc6 3. Bb5 e5 4. c3 Nf6 5. O-O Bd6 6. d4 cxd4 7. cxd4 Nxd4 8. Nxd4 exd4 9. Qxd4 Qe7 10. Nc3 Be5 11. Qd3 O-O 12. Bg5 Bxh2+ 13. Kxh2 Ng4+ 14. Kg1 Qxg5 15. Qd6 a6 16. Be2 Qe5 17. Rad1 Qxd6 18. Rxd6 Ne5 19. f4 Nc6 20. Nd5 b5 21. Rd1 Rb8 22. Bf3 f6 23. Bg4 Na5 24. Ne7+ Kh8 25. Nxc8 Rbxc8 26. Rxa6 Nc4 27. Rxd7 Ne3 28. Be6 Rc2 29. Bh3 Rxb2 30. Raa7 Rg8 31. Kh2 Nf1+ 32. Kg1 Ng3 33. Kh2 Nf1+ 34. Kg1 Ne3 35. Rdb7 h6 36. a4 Rd8 37. Rxg7 Rd1+ 38. Kh2 Nf1+ 39. Kg1 Ng3+ 40. Kh2 Nf1+ 41. Kg1 Ng3+ 42. Kh2 Nf1+ 1/2-1/2


[Site "https://www.chess.com"]

[Event "Titled Tuesday Blitz July 25 Early 2023"]
[White "Sipila, Vilka"]
[Black "Fernandez Siles, Luis"]
[WhiteFideId "505455"]
[BlackFideId "2209420"]
[WhiteElo "2597"]
[BlackElo "2292"]
[Result "1-0"]
[Round "1"]
[TimeControl "180+2"]
[Date "2023.07.25"]
[WhiteClock "0:00:28"]
[BlackClock "0:00:01"]
[Board "176"]

1. Nf3 d6 2. d4 Nf6 3. Nc3 Bf5 4. Nh4 Bd7 5. e4 e5 6. Nf3 Nc6 7. Bb5 exd4 8. Nxd4 Nxd4 9. Qxd4 Be7 10. Bf4 O-O 11. O-O-O Bxb5 12. Nxb5 a6 13. Nc3 Nd7 14. Nd5 Bg5 15. Bxg5 Qxg5+ 16. f4 Qd8 17. h4 Re8 18. h5 h6 19. g4 Nc5 20. e5 Ne6 21. Qf2 c6 22. Ne3 d5 23. Nf5 Qa5 24. Kb1 Qb4 25. Rdf1 Nc5 26. a3 Qb5 27. Nd6 Qa5 28. b4 Qxa3 29. Qxc5 a5 30. Qd4 axb4 31. Qb2 Qa4 32. Rh3 Reb8 33. Rd1 Ra5 34. Rb3 Rba8 35. Kc1 d4 36. Rxb4 Qa1+ 37. Qxa1 Rxa1+ 38. Kd2 c5 39. Rxb7 c4 1-0


[Site "https://www.chess.com"]

[Event "Titled Tuesday Blitz July 25 Early 2023"]
[White "Barwinska, Ewa"]
[Black "Veiga, Jose Francisco R P Neves"]
[WhiteFideId "21833761"]
[BlackFideId "1930087"]
[WhiteElo "2290"]
[BlackElo "2594"]
[Result "0-1"]
[Round "1"]
[TimeControl "180+2"]
[Date "2023.07.25"]
[WhiteClock "0:00:41"]
[BlackClock "0:00:19"]
[Board "177"]

1. e4 Nc6 2. d4 d5 3. e5 Bf5 4. c3 e6 5. Nd2 f6 6. f4 Nh6 7. Be2 Be7 8. Ngf3 O-O 9. O-O fxe5 10. dxe5 Bc5+ 11. Kh1 Ng4 12. Qe1 Ne3 13. b4 Bb6 14. Nh4 Nxf1 15. Nxf1 Be4 16. Bf3 Bxf3 17. Nxf3 a5 18. Qg3 axb4 19. cxb4 Nxb4 20. Ng5 Qd7 21. Qh3 h6 22. Nxe6 Rfe8 23. f5 Qf7 24. Bxh6 gxh6 25. Qxh6 Rxe6 26. fxe6 Qg7 27. Qf4 Nd3 28. Qf5 Nf2+ 29. Kg1 Ne4+ 30. Kh1 Rf8 31. Qh5 Nf2+ 32. Kg1 Nh3+ 33. Kh1 Qxg2+ 34. Kxg2 Nf4+ 35. Kh1 Nxh5 36. Nd2 Nf4 37. Rg1+ Bxg1 0-1


[Site "https://www.chess.com"]

[Event "Titled Tuesday Blitz July 25 Early 2023"]
[White "NovoselovRoman"]
[Black "LLariMarc"]
[WhiteElo "2592"]
[BlackElo "2288"]
[Result "1/2-1/2"]
[Round "1"]
[TimeControl "180+2"]
[Date "2023.07.25"]
[WhiteClock "0:00:10"]
[BlackClock "0:01:32"]
[Board "178"]

1. e4 e6 2. d4 d5 3. Nc3 Nf6 4. exd5 exd5 5. Bd3 c6 6. Nge2 Bd6 7. Bg5 h6 8. Bh4 Nbd7 9. Qd2 O-O 10. O-O-O Qa5 11. Kb1 b5 12. Nxd5 Qxd2 13. Nxf6+ Nxf6 14. Rxd2 Nd5 15. Bg3 Be7 16. Be4 Bb7 17. Re1 Rad8 18. c3 Rfe8 19. Bxd5 cxd5 20. Nf4 Bd6 21. Rxe8+ Rxe8 22. Nd3 Bf8 23. Kc2 a5 24. a3 Ba6 25. Bc7 b4 26. axb4 axb4 27. Be5 bxc3 28. bxc3 Ra8 29. Bc7 Bc4 30. Nb2 Ra2 31. Kb1 Ra7 32. Nxc4 Rxc7 33. Ne3 Rxc3 34. Nxd5 Rc8 35. Ne3 Rd8 36. d5 Bc5 37. Kc2 Kf8 38. Rd3 Bxe3 39. fxe3 Ke7 40. Kc3 Kd6 41. Kd4 Ra8 42. Rc3 Ra6 43. e4 Kd7 44. Rb3 Ra4+ 45. Ke5 Ra7 46. Rb8 Ke7 47. Rg8 f6+ 48. Kf5 Kf7 49. Rc8 Rd7 50. h4 g6+ 51. Kf4 h5 52. g4 hxg4 53. Kxg4 f5+ 54. exf5 gxf5+ 55. Kg5 Rxd5 56. Rc7+ Kg8 57. h5 f4+ 58. Kg6 Rd6+ 59. Kg5 f3 60. h6 f2 61. Rc8+ Kh7 62. Rc7+ Kg8 63. Rc1 Rd8 64. Rf1 Rf8 65. Kg6 Kh8 66. Kg5 Kh7 67. Kg4 Kxh6 68. Kg3 Kg5 69. Rxf2 Rxf2 70. Kxf2 1/2-1/2


[Site "https://www.chess.com"]

[Event "Titled Tuesday Blitz July 25 Early 2023"]
[White "Huynh, Lam Binh Nguyen"]
[Black "Rodchenkov, Sergey D."]
[WhiteFideId "12401633"]
[BlackFideId "4168712"]
[WhiteElo "2287"]
[BlackElo "2592"]
[Result "1-0"]
[Round "1"]
[TimeControl "180+2"]
[Date "2023.07.25"]
[WhiteClock "0:00:42"]
[BlackClock "0:00:19"]
[Board "179"]

1. d4 d5 2. Bf4 Nf6 3. e3 e6 4. c3 Bd6 5. Nd2 O-O 6. Bd3 c5 7. Bg3 Qc7 8. Ngf3 Nbd7 9. O-O Bxg3 10. hxg3 e5 11. dxe5 Nxe5 12. Nxe5 Qxe5 13. Nf3 Qd6 14. c4 Bg4 15. Qc2 h6 16. Nd2 Rad8 17. Nb3 b6 18. Rac1 Qe5 19. cxd5 Nxd5 20. Qc4 Nxe3 21. fxe3 Qxe3+ 22. Kh2 Rxd3 23. Qxg4 Rd5 24. Rce1 Qg5 25. Qxg5 hxg5 26. Re7 c4 27. Nc1 f6 28. Rxa7 Re8 29. Kh3 Kh7 30. Rc7 b5 31. a4 Re4 32. a5 Kg6 33. a6 Rd8 34. Kh2 Ra8 35. a7 Re6 36. Rd1 Ra6 37. Rdd7 Ra1 38. g4 f5 39. Rxg7+ Kf6 40. Rgf7+ Ke5 41. Rxf5+ Ke4 42. Ne2 R8xa7 43. Rxa7 Rxa7 44. Rxb5 Ke3 45. Ng3 Kf4 46. Kh3 Ra2 47. Rb4 Ke3 48. Rxc4 Rxb2 49. Nf5+ Kf2 50. Rc3 Rb1 51. Rf3+ Ke2 52. Kg3 Rb4 53. Ng7 Rd4 54. Ne6 Rd5 55. Rf5 Rd3+ 56. Rf3 Rd5 57. Ng7 Rc5 58. Nf5 Re5 59. Rf2+ Kd3 60. Ra2 Rb5 61. Ra3+ Ke4 62. Nd6+ Kd5 63. Nxb5 Kc4 64. Nd6+ Kb4 65. Ra8 Kc5 66. Nf7 1-0


[Site "https://www.chess.com"]